 Seeded DCSS version 0.29.1-15-g9cfb28693d (webtiles) character file.

Game seed: 10389257799748471964 (custom seed)

2667 Psyclone the Devastator (level 9, 0/45 HPs)
             Began as a Deep Elf Conjurer on Sept 23, 2023.
             Was an Initiate of Ashenzari.
             Slain by a yak (14 damage)
             ... on level 7 of the Dungeon.
             The game lasted 00:30:48 (9114 turns).

Psyclone the Devastator (Deep Elf Conjurer)         Turns: 9114, Time: 00:30:49

Health: 0/45       AC:  6    Str:  4    XL:     9   Next: 37%
Magic:  6/15       EV: 12    Int: 28    God:    Ashenzari [......]
Gold:   294        SH:  0    Dex: 13    Spells: 11/14 levels left

rFire   . . .      SeeInvis +   c - staff of cold
rCold   + . .      Faith    .   (no shield)
rNeg    . . .      Spirit   .   a - +1 robe
rPois   .          Reflect  .   (no helmet)
rElec   .          Harm     .   v - +0 cloak
rCorr   .          Rampage  .   f - +1 pair of gloves
Will    +....                   (no boots)
Stlth   ++........              (no amulet)
HPRegen 0.15/turn               o - ring of see invisible
MPRegen 0.14/turn               e - ring of willpower

@: on berserk cooldown, slowed, unable to drink, very slow
A: inability to drink after injury 1
a: Renounce Religion, Curse Item


You were on level 7 of the Dungeon.
You worshipped Ashenzari.
Ashenzari was noncommittal.
You visited 2 branches of the dungeon, and saw 8 of its levels.
You also visited: Sewer.

You collected 294 gold pieces.

Inventory:

Missiles
 k - 2 curare-tipped darts
Armour
 a - a +1 robe (worn)
 f - a +1 pair of gloves (worn)
 v - a +0 cloak (worn)
Magical Staves
 c - a staff of cold (weapon)
Jewellery
 e - a ring of willpower (right hand)
 j - a ring of resist corrosion
 o - a ring of see invisible (left hand)
Scrolls
 d - 2 scrolls of teleportation
 g - 2 scrolls of amnesia
 l - a scroll of poison
 n - a scroll of enchant armour
 q - 2 scrolls of magic mapping
 s - a scroll of blinking
 t - 2 scrolls of identify {@r1}
 u - a scroll of butterflies
Potions
 b - a potion of magic
 h - a potion of cancellation
 i - 6 potions of haste
 p - a potion of ambrosia
 r - a potion of degeneration
 z - a potion of brilliance


   Skills:
 - Level 2.4 Dodging
 - Level 2.4 Stealth
 - Level 3.0 Spellcasting
 + Level 17.0 Conjurations


You had 11 spell levels left.
You knew the following spells:

 Your Spells              Type           Power      Damage    Failure   Level
a - Magic Dart            Conj           100%       1d8       0%          1
b - Searing Ray           Conj           100%       2d8       0%          2

Your spell library contained the following spells:

 Spells                   Type           Power      Damage    Failure   Level
 Foxfire                  Conj/Fire      100%       2x1d9     1%          1
 Static Discharge         Conj/Air       51%        3-10/arc  1%          2
 Dazzling Flash           Conj/Hex       100%       N/A       1%          3
 Fulminant Prism          Conj/Hex       25%        3d14      2%          4
 Iskenderun's Mystic Bla  Conj/Tloc      51%        2d11      2%          4
 Fireball                 Conj/Fire      25%        3d11      7%          5
 Irradiate                Conj/Tmut      25%        3d20      7%          5
 Lightning Bolt           Conj/Air       25%        1d41      7%          5
 Sting                    Tmut/Pois      16%        1d3       9%          1
 Passwall                 Tmut/Erth      3%         N/A       12%         2
 Wereblood                Tmut           4%         N/A       12%         2
 Ignite Poison            Fire/Tmut/Pois 4%         N/A       24%         3
 Ozocubu's Armour         Ice            6%         N/A       24%         3
 Spider Form              Tmut/Pois      4%         N/A       24%         3
 Iron Shot                Conj/Erth      25%        9d5       36%         6
 Animate Armour           Summ/Erth      8%         N/A       63%         4
 Ice Form                 Ice/Tmut       6%         N/A       63%         4
 Blade Hands              Tmut           2%         N/A       92%         5
 Ozocubu's Refrigeration  Ice            3%         4d8       100%        7
 Lehudib's Crystal Spear  Conj/Erth      25%        10d7      100%        8
 Maxwell's Capacitive Co  Air            2%         ∞         100%        8


Dungeon Overview and Level Annotations

Branches:
Dungeon (7/15) Zot: 25143  Temple (1/1) D:6 Zot: 5978   Sewer (visited)

Altars:
Ashenzari
Dithmenos
Elyvilon
Fedhas
Hepliaklqana
Kikubaaqudgha
Makhleb
Okawaru
Qazlal
Sif Muna
Trog
Vehumet
Wu Jian
Xom
Yredelemnul
Zin

Shops:
D:5 ?


Innate Abilities, Weirdness & Mutations

You occasionally lose the ability to drink potions when taking damage.


Message History

You now have 9/15 mp.
The searing ray hits the yak!
The yak is moderately wounded.
You now have 8/15 mp.
The searing ray hits the yak!
The yak is heavily wounded.
The searing ray hits the yak.
The yak is lightly wounded.
The yak gores you.
You take 1 damage, and have 34/45 hp.
You now have 7/15 mp.
The searing ray hits the yak.
The yak is heavily wounded.
The searing ray hits the yak!
The yak is heavily wounded.
You finish channelling your searing ray.
You now have 6/15 mp.
The yak attacks as you move away! The yak gores you!
The yak attacks as you move away! The yak gores you.
You take 13 damage, and have 22/45 hp.
MASSIVE DAMAGE!!
The yak attacks as you move away! The yak gores you!
You feel threatened and lose the ability to drink potions!
* * * LOW HITPOINT WARNING * * *
You take 8 damage, and have 14/45 hp.
The yak closely misses you.
Casting: Searing Ray (safe; 0% risk of failure)
Confirm with . or Enter, or press ? or * to list all spells.
Aiming: Searing Ray (safe; 0% risk of failure)
Press: ? - help, Shift-Dir - straight line, f - yak
Aim: a yak (90% to hit)
The searing ray hits the yak!
The yak is moderately wounded.
The searing ray hits the yak.
The yak is moderately wounded.
The searing ray hits the yak.
The yak is lightly wounded. (Press . to maintain the ray.)
You can drink potions again.
The yak gores you!
You feel threatened and lose the ability to drink potions!
You die...

#.#...# #.#####.##..#
##.#...#######.......##..#
....................##..#
...................##..# #
# #......(...............
#.
#...####.....####.#...###
###..#...####.#...#
#.#......
..................# #.#
...## ###..##.#####@#...#
.# ..... #.. #.# #Y#...#
.... ###..##.#####Y#...#
.... .............Y#...#
.#.. ..................#
.... .....#...####.....#
.... ....####.###..#...#
.... .... #...###.#...#
.[.. ... #._....†....#
...#


You could see 3 yaks.

Vanquished Creatures
  A hornet (D:7)
  A yak (D:7)
  Menkaure (D:6)
  Edmund (D:6)
  An ice beast (D:7)
  An ogre (D:7)
  A centaur (D:6)
  2 phantoms
  4 kobold brigands
  2 bullfrogs (D:6)
  A necrophage (D:6)
  2 scorpions
  2 centaur zombies (D:4)
  3 hounds
  A bullfrog zombie (D:4)
  A centaur skeleton (D:4)
  An orc priest (D:6)
  A jelly (D:5)
  Crazy Yiuf (D:6)
  An orc wizard (D:4)
  A scorpion zombie (D:4)
  3 gnolls (D:6)
  10 adders
  8 river rats (Sewer)
  A shadow imp (D:7)
  An ufetubus (D:5)
  An adder skeleton (D:4)
  An adder zombie (D:4)
  A worm (D:2)
  A dart slug (D:2)
  6 orcs
  3 endoplasms
  5 giant cockroaches
  9 goblins
  7 hobgoblins
  4 quokkas
  9 ball pythons
  8 bats
  3 frilled lizards
  16 kobolds
  26 rats
  A spectral orc (D:4)
154 creatures vanquished.

Notes
Turn   | Place    | Note
-------+----------+-------------------------------------------
     0 | D:1      | Psyclone the Deep Elf Conjurer began the quest for the Orb.
     0 | D:1      | Reached XP level 1. HP: 10/10 MP: 6/6
   239 | D:1      | Reached XP level 2. HP: 15/15 MP: 6/8
   244 | D:1      | Reached skill level 5 in Conjurations
   448 | D:1      | Identified a scroll of acquirement
   448 | D:1      | Acquired the Writings on Evolution
   942 | D:2      | Found a basalt altar of Yredelemnul.
  1092 | D:2      | Reached XP level 3. HP: 11/19 MP: 2/9
  1589 | D:2      | Found a faded altar of an unknown god.
  1800 | D:2      | Reached skill level 6 in Conjurations
  1974 | D:2      | Reached XP level 4. HP: 24/24 MP: 6/10
  2490 | D:3      | Found a glowing drain.
  2515 | D:3      | Learned a level 2 spell: Searing Ray
  2924 | Sewer    | Entered a sewer
  3275 | Sewer    | Reached skill level 7 in Conjurations
  3275 | Sewer    | Reached XP level 5. HP: 27/28 MP: 3/11
  3948 | Sewer    | Reached skill level 8 in Conjurations
  3948 | Sewer    | Reached XP level 6. HP: 32/32 MP: 6/12
  4285 | Sewer    | Reached skill level 15 in Conjurations
  4285 | Sewer    | Reached XP level 7. HP: 36/36 MP: 13/13
  4847 | D:4      | Reached XP level 8. HP: 36/41 MP: 2/14
  5033 | D:4      | Found a white marble altar of Elyvilon.
  5068 | D:4      | Found a basalt altar of Yredelemnul.
  5431 | D:4      | Found a hazy altar of Hepliaklqana.
  5627 | D:5      | Entered Level 5 of the Dungeon
  5656 | D:5      | Reached skill level 16 in Conjurations
  5915 | D:5      | Found a stormy altar of Qazlal.
  6649 | D:5      | Found Tesoleim's Magic Scroll Boutique.
  6670 | D:5      | Noticed an air elemental
  7220 | D:6      | Found a staircase to the Ecumenical Temple.
  7364 | Temple   | Entered the Ecumenical Temple
  7369 | Temple   | Became a worshipper of Ashenzari the Shackled
  7987 | D:6      | Noticed Edmund
  7995 | D:6      | Killed Edmund
  8062 | D:6      | Noticed Menkaure
  8068 | D:6      | Killed Menkaure
  8155 | D:6      | Reached XP level 9. HP: 45/45 MP: 10/15
  8608 | D:6      | Found a runed translucent door.
  8609 | D:6      | Acquired the Handbook of the Bruised Artisans
  8611 | D:6      | Acquired a book of Iron
  8612 | D:6      | Noticed Crazy Yiuf
  8621 | D:6      | Killed Crazy Yiuf
  8801 | D:7      | Paralysed by a hornet for 3 turns
  8806 | D:7      | HP: 2/45 [poisoned by a hornet]
  9077 | D:7      | Found a bloodstained altar of Trog.
  9085 | D:7      | Gained mutation: You occasionally lose the ability to drink
                  | potions when taking damage. [potion of mutation]
  9104 | D:7      | Reached skill level 17 in Conjurations
  9114 | D:7      | Slain by a yak

Illustrated notes

Levels and vault maps discovered:
D:1:      minmay_arrival_open_corners, layout_basic, serial_glass,
          glass_columns_c, glass_columns_a, minmay_tree_intersection
D:2:      layout_loops_corners, basic_altar, ebering_ecumenical_altar_hall
D:3:      layout_basic, gup_sewer_entry_glass, minmay_misc_feat_secret_circle
D:4:      wander_river, layout_rooms, yredelemnul_forgotten_temple_becter,
          lemuel_coloured_pillars_altar, mainiacjoe_overflow_alcove_2,
          serial_undead, serial_undead_e, serial_undead_b, serial_undead_c,
          serial_undead_a
D:5:      layout_layer_cave, nicolae_qazlal_style_of_elements, serial_rivers,
          chequers_serial_rivers_room_a, chequers_serial_rivers_room_b,
          chequers_serial_rivers_small_b, chequers_serial_rivers_small_3,
          chequers_serial_rivers_small_3, serial_shops, nicolae_lakefront_shop
D:6:      layout_loops_corners, temple_hall, uniq_edmund,
          uniq_crazy_yiuf_cottage, uniq_menkaure
D:7:      layout_basic, trog_three_pillars_becter
Temple:   minmay_freezing_vapour_temple

Skill      XL: |  1  2  3  4  5  6  7  8  9 |
---------------+----------------------------+-----
Conjurations   | 5 6 7 8 15 16 17 | 17.0
Dodging        | |  2.4
Stealth        | |  2.4
Spellcasting   | |  3.0

Action                   |  1- 3 |  4- 6 |  7- 9 || total
-------------------------+-------+-------+-------++-------
Melee: Staff             |     6 |    12 |     6 ||    24
 Cast: Magic Dart        |    86 |    47 |    40 ||   173
       Searing Ray       |       |    20 |    43 ||    63
  Use: Scroll            |     5 |     3 |     7 ||    15
       Potion            |     2 |     6 |     6 ||    14
Armor: Robe              |     5 |    13 |    30 ||    48
Dodge: Dodged            |     8 |    32 |    49 ||    89
